 Dungeon Crawl Stone Soup version 0.31.0-9-g3a7656b989 (webtiles) character file.

Game seed: 18162090857756179261

1206 qw the Nimble (level 8, 0/39 HPs)
             Began as a Spriggan Hunter on Feb 2, 2024.
             Incinerated by a bombardier beetle (5 damage)
             ... with a burning spray
             ... on level 5 of the Dungeon.
             The game lasted 00:00:17 (3748 turns).

qw the Nimble (Spriggan Hunter)                     Turns: 3748, Time: 00:00:18

Health: 0/39       AC:  2    Str:  7    XL:     8   Next: 21%
Magic:  9/9        EV: 27    Int: 10    God:
Gold:   445        SH:  0    Dex: 27    Spells: 7/7 levels left

rFire   . . .        d - +4 sling (drain)
rCold   . . .        (no shield)
rNeg    . . .        c - +0 robe
rPois   .            (helmet restricted)
rElec   .            (no cloak)
rCorr   .            (gloves unavailable)
SInv    +            (boots unavailable)
Will    +....        (no amulet)
Stlth   +            b - +6 ring of dexterity
HPRegen 0.26/turn    (no ring)
MPRegen 0.11/turn

%: no passive effects
@: on fire, glowing, very quick
A: very small, no large weapons, unfitting armour, see invisible, speed 3
a: no special abilities


You were on level 5 of the Dungeon.
You visited 2 branches of the dungeon, and saw 6 of its levels.
You also visited: Ossuary.

You collected 445 gold pieces.


Innate Abilities, Weirdness & Mutations

You are very small and have problems with some larger weapons.
You are too small for most types of armour.
You have supernaturally acute eyesight. (SInv)
You cover ground extremely quickly. (Speed+++)


   Skills:
 + Level 2.1 Fighting
 - Level 8.0 Ranged Weapons
 - Level 9.2 Dodging
 - Level 1.5 Stealth


You had 7 spell levels left.
You didn't know any spells.
Your spell library was empty.

Inventory:

Hand Weapons
 a - a +0 shortbow
 d - a +4 sling of draining (weapon)
Armour
 c - a +0 robe (worn)
Jewellery
 b - a +6 ring of dexterity (left hand)
 h - a ring of fire
Scrolls
 o - 2 scrolls of teleportation
Potions
 e - 2 potions of heal wounds
 f - a potion of invisibility {unknown}
 g - 5 potions of curing
 i - a potion of mutation {unknown}
 j - a potion of haste
 k - a potion of ambrosia {unknown}
 l - a potion of resistance {unknown}
 m - a potion of might {unknown}
 n - a potion of enlightenment {unknown}
 p - a potion of berserk rage {unknown}

Dungeon Overview and Level Annotations

Branches:
Dungeon (5/15)             Temple (1/1) D:5         Ossuary (visited)

Altars:
Ashenzari
Cheibriados
Dithmenos
Elyvilon
Fedhas
Gozag
Makhleb
Qazlal
Sif Muna
Trog
Uskayaw
Vehumet
Xom
Yredelemnul
Zin


Message History

The sling bullet barely misses the orc priest.
The orc priest closely misses you.
You shoot a sling bullet.
The sling bullet barely misses the orc priest.
The orc priest mumbles some strange prayers to Beogh against you.
Beogh smites you!
The orc throws a boomerang.
The boomerang completely misses you.
You shoot a sling bullet.
The sling bullet hits the orc priest but does no damage.
You drain the orc priest.
You kill the orc priest!
You shoot a sling bullet. The sling bullet hits the orc!
You kill the orc!
The bombardier beetle sprays incendiary fluid at you.
The burning spray hits you.
You are covered in liquid fire!
You shoot a sling bullet.
The sling bullet hits the bombardier beetle but does no damage.
You drain the bombardier beetle.
The bombardier beetle is heavily wounded.
The liquid fire burns you!
You shoot a sling bullet.
The sling bullet closely misses the bombardier beetle.
The liquid fire burns you!
You shoot a sling bullet.
The sling bullet hits the bombardier beetle.
The bombardier beetle is severely wounded.
The liquid fire burns you!
You shoot a sling bullet.
The sling bullet hits the bombardier beetle!
You kill the bombardier beetle!
The liquid fire burns you!
Your Ranged Weapons skill increases to level 8!
You are on fire!
The liquid fire burns you!
You are on fire!
The liquid fire burns you!
You are on fire!
The liquid fire burns you!
You die...

........................
........................
.................#.....#
...............#.......#######.
...................)...........
.######........#..)###...##
.##.....#........)...).#..##
..#.....####....)....####..#
..#....## #....@....# ##.####
..#....## ##....%...# #.S..#
........## #........# ####.#
...####<.####.......## #.o..
...........).........# ###).
###..####............# ..
...<.....#####.......# .
.........# ##.....## .
.........# #....##


There were no monsters in sight!

Vanquished Creatures
  2 black bears (D:5)
  An ogre (D:4)
  2 phantoms (D:5)
  2 scorpions
  4 bombardier beetles (D:5)
  2 orc priests
  A gnoll bouda (D:4)
  A jelly (D:3)
  An iguana (D:3)
  2 orc wizards (D:5)
  8 mummies (Ossuary)
  8 gnolls (D:4)
  9 adders
  2 dart slugs (D:4)
  2 ribbon worms
  11 orcs
  10 ball pythons
  5 bats
  3 endoplasms
  A giant cockroach (D:1)
  3 gnoll zombies (Ossuary)
  5 hobgoblins
  4 jackals (D:4)
  5 frilled lizards
  10 goblins
  A hobgoblin zombie (Ossuary)
  5 kobolds
  A kobold zombie (Ossuary)
  3 orc zombies (Ossuary)
  4 rats
118 creatures vanquished.

Notes
Turn   | Place    | Note
-------+----------+-------------------------------------------
     0 | D:1      | qw the Spriggan Hunter began the quest for the Orb.
     0 | D:1      | Reached XP level 1. HP: 10/10 MP: 2/2
     0 | D:1      | 0 ||| qw: Version: 0.3-a-155-g5e7d8dd
     0 | D:1      | 0 ||| qw: Game counter: 1204
     0 | D:1      | 0 ||| qw: Melee chars always use a shield: true
     0 | D:1      | 0 ||| qw: God list: Okawaru
     0 | D:1      | 0 ||| qw: Allow faded altars: false
     0 | D:1      | 0 ||| qw: Do Orc after clearing Dungeon:15 true
     0 | D:1      | 0 ||| qw: Do second Lair branch before Depths: true
     0 | D:1      | 0 ||| qw: Lair rune preference: random
     0 | D:1      | 0 ||| qw: Goals: Normal
     0 | D:1      | 0 ||| PLANNING D:1-11
   139 | D:1      | Reached skill level 3 in Dodging
   356 | D:1      | Reached XP level 2. HP: 14/14 MP: 3/3
   531 | D:1      | Reached skill level 4 in Dodging
   567 | D:1      | 567 ||| READING scroll labelled LAFIMU ITHUOPS.
   568 | D:1      | 568 ||| DRINKING 2 murky red potions.
   569 | D:1      | 569 ||| DROPPING scroll of butterflies.
   696 | D:2      | 696 ||| FLEEEEING.
   698 | D:2      | 698 ||| FLEEEEING.
   699 | D:2      | 699 ||| FLEEEEING.
   708 | D:2      | 708 ||| FLEEEEING.
   709 | D:2      | 709 ||| FLEEEEING.
   710 | D:2      | 710 ||| FLEEEEING.
   712 | D:2      | 712 ||| FLEEEEING.
   762 | D:2      | Reached XP level 3. HP: 18/18 MP: 4/4
   953 | D:2      | 953 ||| SWAPPING to +4 sling of draining.
  1106 | D:2      | 1106 ||| DROPPING +3 sling.
  1353 | D:2      | 1353 ||| UPGRADING to +6 ring of dexterity.
  1389 | D:3      | Reached XP level 4. HP: 22/22 MP: 5/5
  1391 | D:3      | Found a faded altar of an unknown god.
  1460 | D:3      | Found a bloodstained altar of Trog.
  1465 | D:3      | Found a basalt altar of Yredelemnul.
  1502 | D:3      | Reached skill level 5 in Dodging
  1734 | D:3      | Reached XP level 5. HP: 25/25 MP: 6/6
  1736 | D:3      | Reached skill level 6 in Dodging
  2030 | D:3      | 2030 ||| READING scroll labelled ZEORUOFIUMP.
  2079 | D:3      | 2079 ||| READING scroll labelled GASAUC AMOU.
  2122 | D:4      | 2122 ||| PLANNING OSSUARY
  2156 | D:4      | Found a sand-covered staircase.
  2165 | Ossuary  | Entered an ossuary
  2314 | Ossuary  | Reached XP level 6. HP: 30/30 MP: 7/7
  2362 | Ossuary  | 2362 ||| READING scroll labelled ENU XOEXTOPA.
  2463 | Ossuary  | 2463 ||| READING scroll labelled KAONTELEIN.
  2463 | Ossuary  | 2463 ||| IDENTIFYING lumpy golden potion
  2464 | Ossuary  | 2464 ||| READING 3 scrolls labelled ONENINTUCEM.
  2469 | Ossuary  | 2469 ||| DRINKING 2 fizzy white potions.
  2470 | Ossuary  | 2470 ||| DRINKING 2 murky sapphire potions.
  2471 | Ossuary  | 2471 ||| DRINKING 2 smoky golden potions.
  2472 | Ossuary  | 2472 ||| DROPPING potion of lignification.
  2473 | Ossuary  | 2473 ||| DROPPING potion of attraction.
  2499 | D:4      | 2499 ||| PLANNING D:1-11
  2671 | D:4      | Reached skill level 6 in Ranged Weapons
  2684 | D:4      | 2684 ||| RETREEEEATING.
  2685 | D:4      | 2685 ||| RETREEEEATING.
  2687 | D:4      | 2687 ||| RETREEEEATING.
  2713 | D:4      | Reached skill level 7 in Dodging
  3308 | D:5      | Entered Level 5 of the Dungeon
  3310 | D:5      | 3310 ||| STAIRDANCE
  3316 | D:4      | Reached skill level 8 in Dodging
  3316 | D:4      | Reached XP level 7. HP: 35/35 MP: 8/8
  3366 | D:5      | 3366 ||| STAIRDANCE
  3531 | D:5      | Reached skill level 9 in Dodging
  3542 | D:5      | Found a staircase to the Ecumenical Temple.
  3543 | D:5      | 3543 ||| PLANNING TEMPLE
  3543 | D:5      | 3543 ||| READING scroll labelled GEWIAGR EQ HIS.
  3549 | D:5      | Reached XP level 8. HP: 39/39 MP: 9/9
  3555 | Temple   | Entered the Ecumenical Temple
  3556 | Temple   | 3556 ||| PLANNING D:1-11
  3694 | D:5      | 3694 ||| FLEEEEING.
  3695 | D:5      | 3695 ||| FLEEEEING.
  3696 | D:5      | 3696 ||| FLEEEEING.
  3697 | D:5      | 3697 ||| FLEEEEING.
  3698 | D:5      | 3698 ||| FLEEEEING.
  3700 | D:5      | 3700 ||| FLEEEEING.
  3701 | D:5      | 3701 ||| FLEEEEING.
  3702 | D:5      | 3702 ||| FLEEEEING.
  3705 | D:5      | 3705 ||| FLEEEEING.
  3706 | D:5      | 3706 ||| FLEEEEING.
  3707 | D:5      | 3707 ||| FLEEEEING.
  3708 | D:5      | 3708 ||| FLEEEEING.
  3709 | D:5      | 3709 ||| FLEEEEING.
  3710 | D:5      | 3710 ||| FLEEEEING.
  3711 | D:5      | 3711 ||| FLEEEEING.
  3746 | D:5      | HP: 8/39 [burnt (4)]
  3748 | D:5      | Incinerated by a bombardier beetle

Levels and vault maps discovered:
D:1:      lightli_arrival_windingriver, layout_loops_ring
D:2:      layout_basic
D:3:      layout_basic, minitemple, ebering_ecumenical_altar_hall
D:4:      layout_loops_corners, nicolae_ossuary_entry_monument
D:5:      layout_rooms, minmay_temple_entry_large_hall, fountainhead
Temple:   dshaligram_water_room_temple

Skill      XL: |  1  2  3  4  5  6  7  8 |
---------------+-------------------------+-----
Dodging        | 3 4 5 6 8 9 |  9.2
Ranged Weapons | 5 6 7 8 |  8.0
Fighting       | 2 |  2.1
Stealth        | |  1.5

Action                     |  1- 3 |  4- 6 |  7- 9 || total
---------------------------+-------+-------+-------++-------
   Fire: Shortbow          |    67 |       |       ||    67
         Sling             |    16 |   180 |    77 ||   273
    Use: Scroll            |     1 |     5 |     1 ||     7
         Potion            |     1 |     3 |       ||     4
 Armour: Robe              |    10 |     9 |     3 ||    22
  Dodge: Dodged            |    30 |    65 |    17 ||   112

Table legend:
 A = Non-vault XP
 B = Vault XP
 C = Vault XP percentage of total XP
 D = Non-vault monster count
 E = Vault monster count
 F = Vault count percentage of total count
                 A         B        C        D         E       F
            +---------+---------+-------+---------+---------+-------
      Total |    1565 |     158 |   9.2 |     102 |      16 |  13.6
            +---------+---------+-------+---------+---------+-------
        D:1 |      18 |       0 |   0.0 |      11 |       0 |   0.0
        D:2 |      68 |       0 |   0.0 |      20 |       0 |   0.0
        D:3 |     162 |       0 |   0.0 |      21 |       0 |   0.0
        D:4 |     445 |       0 |   0.0 |      33 |       0 |   0.0
        D:5 |     872 |       0 |   0.0 |      17 |       0 |   0.0
    Ossuary |       0 |     158 | 100.0 |       0 |      16 | 100.0
            +---------+---------+-------+---------+---------+-------
